 Dungeon Crawl Stone Soup version 0.20.2-3-g29329e0561 (webtiles) character file.

427 Alfie the Shield-Bearer (level 6, -6/55 HPs)
             Began as a Hill Orc Fighter on Nov 3, 2022.
             Mangled by Sigmund
             ... wielding a +0 scythe
              (8 damage)
             ... on level 4 of the Dungeon.
             The game lasted 00:07:53 (2504 turns).

Alfie the Shield-Bearer (Hill Orc Fighter)          Turns: 2504, Time: 00:07:54

Health: -6/55      AC:  9    Str: 26    XL:     6   Next: 97%
Magic:  6/6        EV:  8    Int:  8    God:
Gold:   105        SH: 10    Dex: 10    Spells: 5/5 levels left

rFire    . . .     SeeInvis .   a - +1 rapier
rCold    . . .     Gourm    +   c - +0 shield
rNeg     . . .     Faith    .   b - +0 scale mail
rPois    .         Spirit   .   n - +0 helmet
rElec    .         Reflect  .   (no cloak)
rCorr    .         Harm     .   h - +0 pair of gloves
MR       .....                  (no boots)
Stlth    ..........             l - amulet of the gourmand
Regen    0.2/turn               (no ring)
MPRegen  0.1/turn               (no ring)

@: mighty
A: no striking features
a: no special abilities


You were on level 4 of the Dungeon.
You were hungry.

You visited 1 branch of the dungeon, and saw 4 of its levels.

You collected 105 gold pieces.

Inventory:

Hand Weapons
 a - a +1 rapier (weapon)
Armour
 b - a +0 scale mail (worn)
 c - a +0 shield (worn)
 h - a +0 pair of gloves (worn)
 n - a +0 helmet (worn)
Jewellery
 l - an amulet of the gourmand (around neck)
Scrolls
 k - a scroll of immolation {unknown}
 p - 2 scrolls of amnesia
 r - a scroll of remove curse
 s - a scroll of blinking {unknown}
Potions
 d - a potion of might
 e - a potion of heal wounds {unknown}
 g - 3 potions of curing
 j - 2 potions of brilliance {unknown}
 m - a potion of degeneration {unknown}
Comestibles
 f - 4 bread rations
 i - 6 fruits
 o - a royal jelly
 q - a meat ration


   Skills:
 + Level 4.8 Fighting
 + Level 4.2 Short Blades
 + Level 4.7 Armour
 + Level 0.8 Dodging
 + Level 1.0 Stealth
 + Level 5.0 Shields


You had 5 spell levels left.
You didn't know any spells.

Dungeon Overview and Level Annotations

Branches:
Dungeon (4/15)
 Temple: D:4-7

Altars:
Qazlal
Trog

Annotations:
D:4 Sigmund


Message History

You barely miss something. Something hits you but does no damage.
You hit something. Something hits you.
You miss something. You miss something.
You hear some strange, mumbled words.
A magic dart appears from out of thin air!
The magic dart hits you!
* * * LOW HITPOINT WARNING * * *
Something hits you.
* * * LOW HITPOINT WARNING * * *
You feel better.
A hound comes into view.
Your shield prevents you from hitting something.
Something hits you!
* * * LOW HITPOINT WARNING * * *
You barely miss something. Something hits you!
* * * LOW HITPOINT WARNING * * *
You closely miss something. You miss something. Something hits you!
You die...

#..# #... #..######...
#..........#
####.#######.# #.......#
#.# #...#...#
##.########
#....†..###.........#
#......)....$.†..?..#
#...%...###....{@>$.####
#.......# #.....h......#
#.......# #.........##.#
###.................# #
#.........#.......#
#..#####..####.#### #..
#..> #.# #.# #.


You could see a hound.

Vanquished Creatures
  The ghost of Alfie the Skirmisher, an amateur HOFi (D:3)
  A hound (D:4)
  An orc priest (D:3)
  4 adders
  2 oozes
  4 worms
  2 dart slugs
  A leopard gecko (D:2)
  13 orcs
  10 bats
  10 goblins
  9 hobgoblins
  5 jackals (D:3)
  A quokka (D:4)
  5 frilled lizards
  7 kobolds
  6 rats
82 creatures vanquished.

Notes
Turn   | Place    | Note
-------+----------+-------------------------------------------
     0 | D:1      | Alfie the Hill Orc Fighter began the quest for the Orb.
     0 | D:1      | Reached XP level 1. HP: 19/19 MP: 1/1
    99 | D:1      | Reached XP level 2. HP: 11/27 MP: 2/2
   456 | D:1      | Reached XP level 3. HP: 33/33 MP: 3/3
   919 | D:2      | Reached skill level 4 in Shields
   974 | D:2      | Found a stormy altar of Qazlal.
  1184 | D:2      | Reached XP level 4. HP: 30/40 MP: 4/4
  1585 | D:3      | Noticed Alfie's ghost (amateur HOFi)
  1646 | D:3      | Killed Alfie's ghost
  1646 | D:3      | Reached XP level 5. HP: 19/47 MP: 5/5
  1646 | D:3      | Reached XP level 6. HP: 22/55 MP: 6/6
  2371 | D:3      | Found a bloodstained altar of Trog.
  2465 | D:4      | Noticed Sigmund
  2473 | D:4      | Reached skill level 1 in Stealth
  2473 | D:4      | Reached skill level 5 in Shields
  2502 | D:4      | HP: 2/55 [something (11)]
  2504 | D:4      | Mangled by Sigmund

Skill      XL: |  1  2  3  4  5  6 |
---------------+-------------------+-----
Fighting       | 4 |  4.8
Shields        | 4 5 |  5.0
Short Blades   | 3 4 |  4.2
Armour         | 4 |  4.7
Stealth        | 1 |  1.0
Dodging        | |  0.8

Action                   |  1- 3 |  4- 6 || total
-------------------------+-------+-------++-------
Melee: Rapier            |   123 |   181 ||   304
  Use: Scroll            |     4 |     4 ||     8
       Potion            |       |     3 ||     3
  Eat: Fruit             |     1 |       ||     1
       Royal jelly       |       |     1 ||     1
       Chunk             |       |     2 ||     2
Armor: Scale mail        |    66 |    75 ||   141
Dodge: Dodged            |    47 |    51 ||    98
Block: Shield            |    58 |    83 ||   141
